 Dungeon Crawl Stone Soup version 0.30.1-9-gdf580d7c3d (webtiles) character file.

Game seed: 6048040818868079126

730 booth the Chopper (level 7, -3/61 HPs)
             Began as a Grey Draconian Monk on Oct 13, 2023.
             Slain by Pikel
             ... wielding a +1 whip of flaming
              (5 damage)
             ... on level 5 of the Dungeon.
             The game lasted 00:24:33 (4972 turns).

booth the Chopper (Grey Draconian Monk)             Turns: 4972, Time: 00:24:33

Health: -3/61      AC: 13    Str: 16    XL:     7   Next: 44%
Magic:  7/7        EV: 13    Int: 10    God:
Gold:   185        SH:  3    Dex: 13    Spells: 6/6 levels left

rFire   . . .        a - +0 hand axe
rCold   . . .        v - +0 buckler
rNeg    . . .        (body armour unavailable)
rPois   .            (helmet restricted)
rElec   .            o - +0 cloak
rCorr   .            (no gloves)
SInv    .            f - +0 pair of boots
Will    .....        (no amulet) Stlth
                     (no ring)
HPRegen 0.30/turn    (no ring)
MPRegen 0.10/turn

%: no passive effects
@: silenced
A: AC +11, amphibious, unfitting armour, cold-blooded
a: no special abilities


You were on level 5 of the Dungeon.
You visited 1 branch of the dungeon, and saw 5 of its levels.

You collected 185 gold pieces.

Inventory:

Hand Weapons
 a - a +0 hand axe (weapon)
 e - a +0 flail
 g - a +0 war axe
Missiles
 n - 6 poisoned darts
 s - 3 boomerangs (quivered)
Armour
 c - an orb of light
 f - a +0 pair of boots (worn)
 o - a +0 cloak (worn)
 v - a +0 buckler (worn)
 y - a scarf of shadows
Jewellery
 h - an amulet of magic regeneration
Wands
 q - a wand of quicksilver (12)
 x - a wand of polymorph (8)
Scrolls
 p - a scroll of fear
 t - 2 scrolls of vulnerability
 u - a scroll of torment {unknown}
 w - a scroll of fog {unknown}
Potions
 b - a potion of ambrosia
 d - 2 potions of curing
 i - 2 potions of attraction
 j - a potion of berserk rage
 k - a potion of resistance
 l - a potion of magic
 m - 2 potions of flight


   Skills:
 + Level 5.4 Fighting
 * Level 6.3 Axes
 + Level 1.9 Throwing
 + Level 4.4 Dodging


You had 6 spell levels left.
You didn't know any spells.
Your spell library contained the following spells:

 Spells                   Type           Power      Damage    Failure   Level
 Gell's Gravitas          Tloc           0%         N/A       83%         3
 Teleport Other           Tloc           0%         N/A       83%         3
 Dispersal                Tloc           0%         N/A       100%        6


Dungeon Overview and Level Annotations

Branches:
Dungeon (5/15)
 Temple: D:4-7

Altars:

Shops:
D:2 [   D:5 :

Annotations:
D:5 1 runed translucent door, Crazy Yiuf, Pikel


Innate Abilities, Weirdness & Mutations

Your dull iron-grey scales are very hard. (AC +11)
You are amphibious.
You cannot fit into any form of body armour.
You are cold-blooded and may be slowed by cold attacks.


Message History

Pikel is lightly wounded.
Pikel hits you with a +1 whip of flaming.
* * * LOW HITPOINT WARNING * * *
Pikel burns you.
* * * LOW HITPOINT WARNING * * *
You hit Pikel.
Pikel is moderately wounded.
Pikel hits you but does no damage.
You hit Pikel. You tail-slap Pikel.
Pikel is heavily wounded.
Pikel barely misses you.
You barely miss Pikel.
Pikel is heavily wounded.
Pikel hits you but does no damage.
You barely miss Pikel.
Pikel is moderately wounded.
Pikel hits you with a +1 whip of flaming!
* * * LOW HITPOINT WARNING * * *
Pikel burns you.
* * * LOW HITPOINT WARNING * * *
Throw: 3 boomerangs
Press: ? - help, Q - select action, (/) - cycle Shift-Dir - straight line, f/p - Pikel
Aim: Pikel, wielding a +1 whip of flaming and wearing a +0 robe (moderately wounded, 51% to hit)
You throw a boomerang.
The boomerang hits Pikel but does no damage.
Pikel is moderately wounded.
Pikel hits you but does no damage.
Throw: 3 boomerangs
Press: ? - help, Q - select action, (/) - cycle Shift-Dir - straight line, f/p - Pikel
Aim: Pikel, wielding a +1 whip of flaming and wearing a +0 robe (moderately wounded, 51% to hit)
You throw a boomerang. The boomerang barely misses Pikel.
Pikel hits you but does no damage.
Pikel hits you with a +1 whip of flaming.
* * * LOW HITPOINT WARNING * * *
Pikel burns you.
* * * LOW HITPOINT WARNING * * *
As you read the scroll labelled WUDEIH KUJOO, it crumbles to dust.
A profound silence engulfs you.
It was a scroll of silence.
Pikel hits you with a +1 whip of flaming.
You die...

#.# #.5## #.# #.5# #.#
#.# #.# #.# ###.# #.#
..#.# #†#
#.#.########## #.#
#............########5#
###.########....@K....#
###.## #.##########
.....# #.# ###..# #.#
#..# #.# #(.# #.#
#..### ..# #....# #.# #
##.#.#


You could see Pikel and a lemure.

Vanquished Creatures
  Sigmund (D:4)
  A lemure (D:5)
  A scorpion (D:4)
  4 hounds
  A sleepcap (D:4)
  2 orc priests (D:4)
  3 jellies (D:5)
  An iguana (D:5)
  2 orc wizards (D:4)
  4 adders
  A white imp (D:5)
  A worm (D:4)
  14 orcs
  4 endoplasms
  A giant cockroach (D:3)
  4 goblins
  6 hobgoblins
  7 jackals
  6 kobolds
  3 quokkas
  9 ball pythons
  7 bats
  7 frilled lizards
  6 rats
96 creatures vanquished.

Notes
Turn   | Place    | Note
-------+----------+-------------------------------------------
     0 | D:1      | booth the Draconian Monk began the quest for the Orb.
     0 | D:1      | Reached XP level 1. HP: 19/19 MP: 1/1
   143 | D:1      | Reached XP level 2. HP: 26/26 MP: 2/2
   809 | D:2      | Reached XP level 3. HP: 31/33 MP: 3/3
  1492 | D:2      | Found Seavorig's Armour Boutique.
  1663 | D:3      | Reached skill level 4 in Axes
  1676 | D:3      | Reached XP level 4. HP: 40/40 MP: 4/4
  2206 | D:3      | Reached XP level 5. HP: 46/46 MP: 5/5
  3246 | D:4      | Reached skill level 5 in Axes
  3490 | D:4      | Reached XP level 6. HP: 21/53 MP: 6/6
  3763 | D:4      | Identified the +5 arbalest "Bybaudosh" {speed, Fragile
                  | rCorr Str-4 Dex+9}
  4053 | D:4      | Noticed Sigmund
  4072 | D:4      | Killed Sigmund
  4073 | D:4      | Reached skill level 5 in Fighting
  4073 | D:4      | Reached skill level 1 in Throwing
  4073 | D:4      | Your scales start taking on a dull iron-grey colour.
  4073 | D:4      | Reached XP level 7. HP: 51/61 MP: 7/7
  4401 | D:5      | Entered Level 5 of the Dungeon
  4402 | D:5      | Found Duzual's Book Boutique.
  4429 | D:5      | Reached skill level 6 in Axes
  4608 | D:5      | Found a runed translucent door.
  4609 | D:5      | Noticed Crazy Yiuf
  4676 | D:5      | HP: 3/61 [white imp (4)]
  4891 | D:5      | Noticed Pikel
  4971 | D:5      | HP: 3/61 [Pikel/+1 whip of flaming (2)]
  4972 | D:5      | Slain by Pikel

Illustrated notes

Levels and vault maps discovered:
D:1:      doesnt_arrival_eight_statues, layout_basic, serial_rivers,
          chequers_serial_rivers_small_3, chequers_serial_rivers_micro_e,
          chequers_serial_rivers_room_a, chequers_serial_rivers_marsh,
          chequers_serial_rivers_small_b, chequers_serial_rivers_micro_a
D:2:      layout_basic, serial_shops, nicolae_shop_tiny_glass
D:3:      layout_basic, serial_co_window_serial, co_window_paths_a,
          co_window_paths_a, co_window_paths_a, co_window_of_opportunity_a,
          co_window_corner_a, co_window_broadway_b, co_window_broadway_b,
          co_window_corner_b, glass_columns_a, glass_columns_a
D:4:      layout_rooms, serial_co_window_serial, co_window_paths_b,
          co_window_paths_a, co_window_of_opportunity_a, co_window_paths_a,
          co_window_of_opportunity_a, co_window_corner_ca, co_window_corner_b,
          co_window_broadway_a, co_window_2corner, co_window_2corner,
          co_window_4corner_a, glass_columns_a, minmay_close_crescents,
          uniq_sigmund
D:5:      layout_loops_ring, lemuel_blue_sif_altar, temple_hall, serial_shops,
          shop, st_stairs_5, uniq_pikel, uniq_crazy_yiuf_cottage

Skill      XL: |  1  2  3  4  5  6  7 |
---------------+----------------------+-----
Dodging        | 3 4 |  4.4
Axes           | 4 5 6 |  6.3
Fighting       | 4 5 |  5.4
Throwing       | 1 |  1.9

Action                     |  1- 3 |  4- 6 |  7- 9 || total
---------------------------+-------+-------+-------++-------
  Melee: Hand axe          |   110 |   186 |    98 ||   394
         Tailslap          |    15 |    21 |    11 ||    47
  Throw: Dart              |       |    13 |       ||    13
         Boomerang         |       |     6 |     7 ||    13
    Use: Scroll            |     4 |     1 |     4 ||     9
         Potion            |     1 |     1 |     4 ||     6
 Armour: Skin              |    26 |    66 |    56 ||   148
  Dodge: Dodged            |    60 |   107 |    57 ||   224
  Block: Buckler           |       |     3 |    15 ||    18
